 Dungeon Crawl Stone Soup version 0.30-a0-1043-g60ff8d5f49 (webtiles) character file.

Game seed: 15748406347928063115

431 greenreed the Trooper (level 6, -4/57 HPs)
             Began as a Minotaur Berserker on Apr 9, 2023.
             Was a Priest of Trog.
             Slain by an ogre
             ... wielding a +0 giant club
              (20 damage)
             ... on level 4 of the Dungeon.
             The game lasted 00:05:07 (2958 turns).

greenreed the Trooper (Minotaur Berserker)          Turns: 2958, Time: 00:05:08

Health: -4/57      AC: 10    Str: 23    XL:     6   Next: 66%
Magic:  5/5        EV:  9    Int:  4    God:    Trog [***...]
Gold:   310        SH:  0    Dex: 10    Spells: 5/5 levels left

rFire   . . .      SeeInvis .    a - +0 hand axe
rCold   . . .      Faith    .    (no shield)
rNeg    . . .      Spirit   .    s - +0 chain mail
rPois   .          Reflect  .    e - +1 hat
rElec   .          Rampage  .    (no cloak)
rCorr   .                        (no gloves)
Will    +....                    (no boots) Stlth
                                 (no amulet)
HPRegen 0.29/turn                c - ring of willpower
MPRegen 0.09/turn                (no ring)

@: no status effects
A: horns 2, retaliatory headbutt
a: Renounce Religion, Berserk, Trog's Hand


You were on level 4 of the Dungeon.
You worshipped Trog.
Trog was most pleased with you.
You visited 1 branch of the dungeon, and saw 4 of its levels.

You collected 310 gold pieces.

Inventory:

Hand Weapons
 a - a +0 hand axe (weapon)
Missiles
 t - a throwing net (quivered)
Armour
 e - a +1 hat (worn)
 s - a +0 chain mail (worn)
Jewellery
 c - a ring of willpower (left hand)
 q - a +6 ring of dexterity
Wands
 v - a wand of polymorph (5)
Scrolls
 b - 2 scrolls of noise {unknown}
 d - a scroll of summoning {unknown}
 g - 2 scrolls of amnesia {unknown}
 i - 3 scrolls of identify {unknown}
 j - 4 scrolls of teleportation {unknown}
 k - 2 scrolls of fear {unknown}
 l - 2 scrolls of torment {unknown}
 o - a scroll of vulnerability {unknown}
 x - a scroll of blinking {unknown}
Potions
 f - a potion of attraction {unknown}
 h - 2 potions of curing {unknown}
 m - 2 potions of cancellation {unknown}
 n - 2 potions of might {unknown}
 p - 2 potions of heal wounds {unknown}
 r - 3 potions of mutation {unknown}
 u - a potion of brilliance {unknown}
 w - a potion of haste {unknown}


   Skills:
 * Level 6.0 Fighting
 * Level 6.0 Axes
 + Level 4.1 Armour
 + Level 3.7 Dodging


You had 5 spell levels left.
You didn't know any spells.
Your spell library was empty.

Dungeon Overview and Level Annotations

Branches:
Dungeon (4/15)
 Temple: D:4-7

Altars:
Ashenzari
Ru
Vehumet


Innate Abilities, Weirdness & Mutations

You have a pair of horns on your head.
You reflexively headbutt those who attack you in melee.


Message History

A hobgoblin comes into view.
A hobgoblin is nearby!
The hobgoblin shouts!
You see here a +0 dagger.
The hobgoblin hits you but does no damage.
You hit the hobgoblin. You headbutt the hobgoblin.
You kill the hobgoblin!
Trog accepts your kill.
No target in view!
n - 2 smoky inky potions (gained 1)
You see here a +0 dagger.
You open the door.
There is an open door here.
You open the door.
There is an open door here.
An ogre comes into view. It is wielding a +0 giant club.
The ogre shouts!
You hit the ogre.
The ogre is lightly wounded.
The ogre barely misses you.
You hit the ogre. Your headbutt misses the ogre.
The ogre is lightly wounded.
You hit the ogre.
The ogre is lightly wounded.
The ogre hits you with a +0 giant club!!
You hit the ogre but do no damage. You headbutt the ogre!
The ogre is heavily wounded.
The ogre hits you with a +0 giant club!
You are too injured to fight recklessly!
You hit the ogre.
The ogre is severely wounded.
You hit the ogre.
The ogre is severely wounded.
The ogre hits you with a +0 giant club!
* * * LOW HITPOINT WARNING * * *
Okay, then.
You hit the ogre.
The ogre is almost dead.
The ogre hits you with a +0 giant club!!
You die...

### #.# #.###############
#........@O......
#.############### ### ###'### ..
#.....# ######### #####
######.....# #.......# .....
....##.....# #.......########
....####'### ##...............
....# #.# #........#####.##
....####.########.##...##....#...


You could see an ogre.

Vanquished Creatures
  A phantom (D:4)
  A hound (D:4)
  Natasha (twice) (D:2)
  Jessica (D:2)
  A sleepcap (D:4)
  5 orc wizards (D:3)
  Robin (D:2)
  3 adders
  A worm (D:2)
  3 dart slugs
  5 orcs (D:3)
  6 endoplasms
  3 giant cockroaches (D:1)
  13 goblins
  8 hobgoblins
  A kobold (D:4)
  4 quokkas
  6 ball pythons
  2 bats (D:1)
  2 frilled lizards (D:1)
  5 rats
74 creatures vanquished.

Notes
Turn   | Place    | Note
-------+----------+-------------------------------------------
     0 | D:1      | greenreed the Minotaur Berserker began the quest for the
                  | Orb.
     0 | D:1      | Reached XP level 1. HP: 19/19 MP: 0/0
    16 | D:1      | Found a faded altar of an unknown god.
   229 | D:1      | Reached XP level 2. HP: 27/27 MP: 1/1
   629 | D:2      | Reached XP level 3. HP: 33/33 MP: 2/2
   727 | D:2      | Noticed Robin
   738 | D:2      | Reached ** piety under Trog
   746 | D:2      | Killed Robin
   843 | D:2      | Noticed Jessica
   850 | D:2      | Killed Jessica
   851 | D:2      | Reached XP level 4. HP: 39/41 MP: 3/3
   977 | D:2      | Noticed Natasha
   986 | D:2      | Killed Natasha
  1276 | D:2      | Noticed Natasha
  1282 | D:2      | Killed Natasha
  1283 | D:2      | Reached skill level 5 in Fighting
  1283 | D:2      | Reached skill level 5 in Axes
  1283 | D:2      | Reached XP level 5. HP: 28/48 MP: 4/4
  1617 | D:3      | Reached XP level 6. HP: 56/56 MP: 5/5
  1718 | D:3      | Found a sacrificial altar of Ru.
  1866 | D:3      | Found a broken altar of Ashenzari.
  2014 | D:3      | Identified the +3 dagger "Modohaherph" {freeze, rElec}
  2115 | D:4      | Found a radiant altar of Vehumet.
  2920 | D:4      | Reached *** piety under Trog
  2958 | D:4      | Slain by an ogre

Illustrated notes

Levels and vault maps discovered:
D:1:      heliophobic_arrival_henge, layout_rooms, basic_ecumenical_altar
D:2:      layout_basic, uniq_natasha, uniq_jessica, uniq_robin
D:3:      layout_rooms, old_standard_altar,
          mainiacjoe_overflow_concentric_impassable
D:4:      nicolae_BIG_FREAKIN_CUBE, layout_basic, nicolae_vehumet_altar_sigil,
          ebering_dispersal_statue_hall

Skill      XL: |  1  2  3  4  5  6 |
---------------+-------------------+-----
Axes           | 4 5 6 |  6.0
Fighting       | 4 5 6 |  6.0
Armour         | 3 4 |  4.1
Dodging        | 3 |  3.7

Action                     |  1- 3 |  4- 6 || total
---------------------------+-------+-------++-------
  Melee: Hand axe          |    58 |   114 ||   172
         Headbutt          |     8 |    17 ||    25
         Punch             |     1 |     2 ||     3
 Invoke: Berserk           |     1 |     2 ||     3
   Stab: Sleeping          |     1 |       ||     1
 Armour: Animal skin       |    17 |     3 ||    20
         Chain mail        |       |    28 ||    28
  Dodge: Dodged            |    34 |    44 ||    78

Table legend: (Time is in decaauts)
 A = Elapsed time spent in this place.
 B = Non-inter-level travel time spent in this place.
 C = Inter-level travel time spent in this place.
 D = Time resting spent in this place.
 E = Time spent auto-exploring this place.
 F = Levels seen in this place.
 G = Mean time per level.
                   A        B        C        D        E       F      G
               +--------+--------+--------+--------+--------+-----+--------+
         Total |   2995 |   2805 |    190 |    183 |   2175 |   4 |  748.8 |
       Dungeon |   2995 |   2805 |    190 |    183 |   2175 |   4 |  748.8 |
               +--------+--------+--------+--------+--------+-----+--------+

Top non-repeatable levels by time:
     D:2: 968 daAuts
     D:4: 845 daAuts
     D:3: 630 daAuts
     D:1: 552 daAuts
